 Dungeon Crawl Stone Soup version 0.26.1-2-gb8aa6d0cf2 (webtiles) character file.

Game seed: 18420812383199744348

72 skwiii the Vexing (level 4, -3/22 HPs)
             Began as a Spriggan Arcane Marksman on Mar 1, 2021.
             Slain by a quokka (5 damage)
             ... on level 3 of the Dungeon on Mar 2, 2021.
             The game lasted 00:04:54 (2585 turns).

skwiii the Vexing (Spriggan Arcane Marksman)        Turns: 2585, Time: 00:04:54

Health: -3/22      AC:  2    Str:  6    XL:     4   Next: 7%
Magic:  9/9        EV: 18    Int: 15    God:
Gold:   156        SH:  0    Dex: 16    Spells: 5/8 levels left

rFire    . . .     SeeInvis +   a - +0 hand crossbow
rCold    . . .     Faith    .   (shield restricted)
rNeg     . . .     Spirit   .   e - +0 robe
rPois    .         Reflect  .   (helmet restricted)
rElec    .         Harm     .   (no cloak)
rCorr    .         Rampage  .   (gloves unavailable)
Will     .....                  (boots unavailable)
Stlth    +.........             (no amulet)
HPRegen  0.07/turn              (no ring)
MPRegen  0.11/turn              (no ring)

@: very quick
A: very small, unfitting armour, see invisible, speed 3
a: no special abilities


You were on level 3 of the Dungeon.
You visited 1 branch of the dungeon, and saw 3 of its levels.

You collected 156 gold pieces.

Inventory:

Hand Weapons
 a - a +0 hand crossbow (weapon)
 k - a +0 vampiric short sword
Armour
 c - a +1 leather armour of cold resistance
 e - a +0 robe (worn)
Jewellery
 i - an uncursed ring of protection from fire {unknown}
Scrolls
 b - a scroll of remove curse
 f - a scroll of teleportation
 g - a scroll of enchant armour
 h - a scroll of amnesia {unknown}
 j - a scroll of magic mapping


   Skills:
 + Level 1.6 Fighting
 + Level 2.7 Crossbows
 - Level 3.0 Dodging
 + Level 2.6 Spellcasting
 + Level 4.3 Hexes


You had 5 spell levels left.
You knew the following spells:

 Your Spells              Type           Power        Failure   Level
a - Corona                Hex            16%          3%          1
b - Slow                  Hex            15%          5%          2

Your spell library contained the following spells:

 Spells                   Type           Power        Failure   Level
 Inner Flame              Hex/Fire       8%           26%         3
 Portal Projectile        Hex/Tloc       16%          26%         3
 Cause Fear               Hex            7%           34%         4
 Leda's Liquefaction      Hex/Erth       4%           63%         4


Dungeon Overview and Level Annotations

Branches:
Dungeon (3/15)

Altars:


Innate Abilities, Weirdness & Mutations

You are very small and have problems with some larger weapons.
You are too small for most types of armour.
You have supernaturally acute eyesight. (SInv)
You cover ground extremely quickly.


Message History

* * * LOW HITPOINT WARNING * * *
The quokka closely misses you. The quokka misses you.
You clumsily bash the quokka but do no damage.
The quokka is severely wounded.
The bat completely misses you. The quokka misses you.
The quokka barely misses you.
You clumsily bash the quokka but do no damage.
The quokka is heavily wounded.
The bat hits you but does no damage. The quokka bites you.
* * * LOW HITPOINT WARNING * * *
You clumsily bash the quokka but do no damage.
The quokka is heavily wounded.
The bat completely misses you.
The quokka bites you but does no damage.
The bat barely misses you. The quokka closely misses you. The bat misses you.
You barely miss the quokka.
The quokka is heavily wounded.
The bat hits you but does no damage. The bat completely misses you.
The quokka bites you.
You die...

#........#.......#
#.##.............#
#.#......#########
#.......## #.##.##.#
#....>..# .##
#.##....###
.....#.##......#
(....br@.....#......
..(..######)#####...
.## ###.# .. #...#
### #...# ##.##
#...# ##...###
##.######....... #.#
#.......### #.#
#.####.##


You could see a quokka and a bat.

Vanquished Creatures
  Jessica (D:2)
  2 adders (D:2)
  A worm (D:2)
  2 leopard geckos
  An orc (D:3)
  A giant cockroach (D:2)
  3 goblins
  A hobgoblin (D:1)
  A quokka (D:2)
  2 bats (D:1)
  2 frilled lizards
  5 kobolds
  3 rats
25 creatures vanquished.

Notes
Turn   | Place    | Note
-------+----------+-------------------------------------------
     0 | D:1      | skwiii the Spriggan Arcane Marksman began the quest for the
                  | Orb.
     0 | D:1      | Reached XP level 1. HP: 9/9 MP: 3/3
   435 | D:1      | Reached skill level 1 in Fighting
   988 | D:1      | Reached XP level 2. HP: 14/14 MP: 3/5
  1167 | D:1      | Learned a level 2 spell: Slow
  1349 | D:2      | Noticed Jessica
  1353 | D:2      | Killed Jessica
  1354 | D:2      | Reached skill level 4 in Hexes
  1354 | D:2      | Reached XP level 3. HP: 5/18 MP: 5/7
  2403 | D:3      | Reached XP level 4. HP: 22/22 MP: 8/8
  2583 | D:3      | HP: 1/22 [quokka (5)]
  2585 | D:3      | Slain by a quokka

Illustrated notes

Levels and vault maps discovered:
D:1:      dpeg_arrival_refuge, layout_rooms, roderic_lattice_a
D:2:      layout_rooms, uniq_jessica
D:3:      layout_loops_cross, portal_sewer_entry_e, uniq_grinder

Skill      XL: |  1  2 |
---------------+-------+-----
Fighting       | 1 |  1.6
Spellcasting   | 2 |  2.6
Hexes          | 4 |  4.3
Crossbows      | |  2.7
Dodging        | |  3.0

Action                   |  1- 3 |  4- 6 || total
-------------------------+-------+-------++-------
Melee: Hand crossbow     |       |     5 ||     5
 Fire: Hand crossbow     |    61 |    17 ||    78
 Cast: Corona            |    13 |       ||    13
  Use: Scroll            |     4 |       ||     4
       Potion            |     2 |       ||     2
Armor: Robe              |       |     5 ||     5
Dodge: Dodged            |    23 |    24 ||    47
